 Dungeon Crawl Stone Soup version 0.28.0 (webtiles) character file.

Game seed: 9849594046968278321

97892 jjjjhere the Ogre Mage (level 16, -6/172 HPs)
             Began as an Ogre Conjurer on Feb 12, 2022.
             Was the Champion of Ru.
             Killed from afar by Roxanne (55 damage)
             ... with an iron shot
             ... on level 2 of the Swamp on Feb 13, 2022.
             The game lasted 01:45:10 (41731 turns).

jjjjhere the Ogre Mage (Ogre Conjurer)             Turns: 41731, Time: 01:45:11

Health: -6/172     AC:  6    Str: 15    XL:     16   Next: 20%
Magic:  10/36      EV: 25    Int: 25    God:    Ru [******]
Gold:   1747       SH: 14    Dex: 12    Spells: 2/48 levels left

rFire   + . .      SeeInvis .   a - +4 hand crossbow of Ru's Whim {penet, rF+ Dex+2, !a !f}
rCold   . . .      Faith    .   W - +4 kite shield
rNeg    . . .      Spirit   .   S - +0 troll leather armour
rPois   +          Reflect  .   (helmet restricted)
rElec   .          Harm     .   u - +0 cloak
rCorr   .          Rampage  .   (gloves unavailable)
Will    +....                   (boots unavailable)
Stlth   ..........              j - amulet of the acrobat
HPRegen 1.18/turn               l - ring of flight
MPRegen 0.25/turn               K - ring "Guoqo" {rPois Dex+3}

@: acrobatic, flying
A: large, unfitting armour, screaming 1, tough skin 1, no stealth, inability to
use devices, hated by all, inability to train armour, missing an eye
a: Renounce Religion, Draw Out Power, Power Leap, Apocalypse


You were on level 2 of the Swamp.
You worshipped Ru.
Ru was exalted by your worship.
You visited 6 branches of the dungeon, and saw 26 of its levels.
You also visited: Bailey.

You collected 3839 gold pieces.
You spent 2092 gold pieces at shops.

Inventory:

Hand Weapons
 a - the +4 hand crossbow of Ru's Whim (weapon) {penet, rF+ Dex+2, !a !f}
   (You bought it in a shop on level 2 of the Orcish Mines)

   Any ammunition fired by it passes through the targets it hits, potentially
   hitting all targets in its path until it reaches maximum range.
   Dex:       It affects your dexterity (+2).
   rF:        It protects you from fire.
 h - a +1 hunting sling
 H - the +6 triple sword "Adapturo" {vorpal, +Blink Dex+6}
   (You found it in a bailey)

   It inflicts extra damage upon your enemies.
   Dex:       It affects your dexterity (+6).
   +Blink:    It lets you blink.
Missiles
 c - 4 curare-tipped darts
 k - 615 stones
 y - 2 throwing nets
 F - 117 sling bullets
 I - 150 bolts (quivered ammo)
Armour
 u - a +0 cloak (worn)
 E - +0 swamp dragon scales
 S - a +0 troll leather armour (worn)
 W - a +4 kite shield (worn)
Magical Staves
 n - a staff of death
Jewellery
 i - a ring of resist corrosion
 j - an amulet of the acrobat (around neck)
 l - a ring of flight (left hand)
 v - a +6 ring of intelligence
 A - a ring of ice
 B - a ring of positive energy
 J - a ring of wizardry
 K - the ring "Guoqo" (right hand) {rPois Dex+3}
   (You bought it in a shop on level 2 of the Orcish Mines)

   [ring of poison resistance]

   Dex:       It affects your dexterity (+3).
   rPois:     It protects you from poison.
 M - a +6 ring of dexterity
 N - a ring of positive energy
 U - a +4 ring of protection
 V - a ring of ice
 X - a ring of willpower
Scrolls
 b - 2 scrolls of fog
 o - 3 scrolls of blinking
 r - 3 scrolls of holy word
 s - 5 scrolls of immolation
 t - 7 scrolls of teleportation
 w - a scroll of amnesia
 C - 6 scrolls of enchant weapon
 O - 4 scrolls of magic mapping
 P - 4 scrolls of identify
 Y - 3 scrolls of torment
Potions
 d - 2 potions of flight
 e - 3 potions of attraction
 f - 10 potions of curing
 g - a potion of cancellation
 m - 2 potions of haste
 p - 5 potions of brilliance
 q - 4 potions of might
 x - 4 potions of mutation
 z - 4 potions of magic
 D - a potion of berserk rage
 G - 2 potions of invisibility
 Q - 2 potions of ambrosia
 R - 6 potions of heal wounds
 T - 2 potions of resistance


   Skills:
 - Level 14.2 Fighting
 - Level 5.7 Dodging
 - Level 10.0 Shields
 + Level 16.9 Spellcasting
 + Level 13.7 Conjurations
 - Level 3.8 Hexes
 - Level 3.2 Fire Magic
 - Level 7.1 Earth Magic
 - Level 5.1 Poison Magic


You had 2 spell levels left.
You knew the following spells:

 Your Spells              Type           Power      Damage    Failure   Level
a - Magic Dart            Conj           100%       1d8       1%          1
b - Searing Ray           Conj           100%       2d8       1%          2
c - Tukima's Dance        Hex            40%        N/A       3%          3
d - Poisonous Vapours     Pois/Air       68%        N/A       3%          2
e - Olgreb's Toxic Radia  Pois           46%        N/A       7%          4
f - Fulminant Prism       Conj/Hex       30%        3d16      1%          4
g - Flame Wave            Conj/Fire      59%        2d11      1%          4
h - Iskenderun's Mystic   Conj/Tloc      53%        2d11      3%          4
i - Lehudib's Crystal Sp  Conj/Erth      32%        10d8      99%         8
j - Sticky Flame          Conj/Fire      59%        2d7       1%          4
k - Orb of Destruction    Conj           37%        9d11      16%         7
l - Frozen Ramparts       Ice            42%        1d6       17%         3

Your spell library contained the following spells:

 Spells                   Type           Power      Damage    Failure   Level
 Foxfire                  Conj/Fire      100%       2x1d9     1%          1
 Sting                    Tmut/Pois      100%       1d8       1%          1
 Scorch                   Fire           74%        2d8       2%          2
 Conjure Flame            Conj/Fire      59%        6-21      1%          3
 Dazzling Flash           Conj/Hex       100%       N/A       1%          3
 Iskenderun's Battlesphe  Conj           74%        2d12      1%          5
 Inner Flame              Hex/Fire       38%        N/A       3%          3
 Fireball                 Conj/Fire      29%        3d13      4%          5
 Ignite Poison            Fire/Tmut/Pois 35%        N/A       5%          3
 Leda's Liquefaction      Hex/Erth       24%        N/A       5%          4
 Gell's Gravitas          Tloc           21%        N/A       17%         3
 Lesser Beckoning         Tloc           21%        N/A       17%         3
 Teleport Other           Tloc           21%        N/A       17%         3
 Anguish                  Hex/Necr       15%        N/A       24%         4
 Conjure Ball Lightning   Conj/Air       26%        3x3d7     45%         6
 Ice Form                 Ice/Tmut       21%        N/A       50%         4
 Yara's Violent Unravell  Hex/Tmut       15%        3d8       56%         5
 Eringya's Noxious Bog    Tmut/Pois      17%        N/A       96%         6
 Enfeeble                 Hex            20%        N/A       100%        7
 Summon Ice Beast         Ice/Summ       Unusable   N/A       N/A         4
 Summon Cactus Giant      Summ           Unusable   N/A       N/A         6

Dungeon Overview and Level Annotations

Branches:
Dungeon (13/15)            Temple (1/1) D:5            Lair (6/6) D:8
  Swamp (3/4) Lair:3        Snake (1/4) Lair:4        Slime (0/5) Lair:6
    Orc (2/2) D:10            Elf (0/3) Orc:2        Bailey (visited)
 Vaults: D:13-14

Altars:
Ashenzari
Cheibriados
Dithmenos
Elyvilon
Fedhas
Gozag
Hepliaklqana
Kikubaaqudgha
Makhleb
Nemelex Xobeh
Okawaru
Qazlal
Ru
Sif Muna
Trog
Uskayaw
Vehumet
Wu Jian
Xom
Yredelemnul
Zin
The Shining One

Shops:
D:5 :   Orc:2 *=*(

Annotations:
D:5 1 runed translucent door, crazypyro's ghost, novice HOMo
Lair:1 2 transporters, Clumpoid's ghost, journeyman TrMo
Lair:2 1 runed translucent door, Arzaac's ghost, journeyman DsGl
Lair:4 2 transporters, Dasos's ghost, journeyman BaFi
Lair:6 2 runed translucent doors
Swamp:2 Roxanne


Innate Abilities, Weirdness & Mutations

You are too large for most types of armour.
You occasionally shout uncontrollably at your foes.
You have tough skin. (AC +1)
You cannot be stealthy.
You cannot study or use magical devices.
You are hated by all.
You cannot train Armour skill.
You are missing an eye, making it more difficult to aim.


Message History

Press: ? - help, Shift-Dir - straight line, f/p - Roxanne
Aim: Roxanne Roxanne mumbles some strange words.
You blink.
The orb of destruction hits Roxanne!!!
Roxanne is moderately damaged.
Roxanne casts a spell.
The iron shot hits you!!!
Casting: Orb of Destruction (dangerous; 16% risk of failure)
Confirm with . or Enter, or press ? or * to list all spells.
Aiming: Orb of Destruction (dangerous; 16% risk of failure)
Press: ? - help, Shift-Dir - straight line, f/p - Roxanne
Aim: Roxanne (moderately damaged) Roxanne begins to cast a spell, but is stunned by your conviction!
The orb of destruction hits Roxanne!!!
Roxanne is heavily damaged.
Roxanne mumbles some strange words.
The bolt of magma misses you.
Casting: Orb of Destruction (dangerous; 16% risk of failure)
Confirm with . or Enter, or press ? or * to list all spells.
Aiming: Orb of Destruction (dangerous; 16% risk of failure)
Press: ? - help, Shift-Dir - straight line, f/p - Roxanne
Aim: Roxanne (heavily damaged) Roxanne mumbles some strange words.
The crystal spear hits you!!!
The orb of destruction hits Roxanne!!!
Roxanne is severely damaged.
Casting: Orb of Destruction (dangerous; 16% risk of failure)
Confirm with . or Enter, or press ? or * to list all spells.
Aiming: Orb of Destruction (dangerous; 16% risk of failure)
Press: ? - help, Shift-Dir - straight line, f/p - Roxanne
Aim: Roxanne (severely damaged) Roxanne casts a spell.
The bolt of magma hits you!! You partially resist.
* * * LOW HITPOINT WARNING * * *
The orb of destruction hits Roxanne!!!
Roxanne is almost destroyed.
Roxanne casts a spell.
The iron shot hits you!!!
You die...

♣♣♣♣♣♣..≈.≈≈≈..≈≈
♣♣.♣§.♣.≈≈.....≈≈≈
♣.≈.≈≈..≈§≈≈...≈≈≈
♣♣≈♣≈.§.≈≈≈≈...≈≈≈
♣♣≈..≈♣.......≈.. ♣♣
♣≈..≈♣♣♣≈.)......
♣♣♣.♣♣♣♣.♣♣♣♣♣..≈..####
♣≈..≈§§....♣♣.≈....##.#
♣≈....@≈...≈♣♣.....##..
♣.≈..○..♣...........#..
♣≈≈.○..≈§§.....#####.[.
♣≈..8..≈........#####..
♣≈≈.......≈....##.....^
♣≈≈.≈≈.≈...§...##......
♣♣♣≈.♣..≈...≈.#.#...♣..
♣≈.≈.....≈.#####...≈.≈
♣♣.≈...≈...........♣≈♣


You could see Roxanne.

Vanquished Creatures
  A fenstrider witch (Swamp:1)
  An orc warlord (Bailey)
  3 bunyips
  Snorg (Lair:5)
  12 hydras
  2 ghost crabs
  A naga warrior (Lair:4)
  A boulder beetle (Lair:5)
  A centaur warrior (D:12)
  2 ogre magi (Orc:2)
  An anaconda (Lair:4)
  8 alligators
  2 catoblepae
  12 two-headed ogres
  3 death yaks (Lair:5)
  A naga sharpshooter (Lair:4)
  A deep elf knight (D:13)
  4 skeletal warriors
  2 deep trolls
  A naga ritualist (Lair:4)
  A spriggan druid (Swamp:2)
  A swamp dragon (Swamp:1)
  4 bog bodies
  2 lindwurms (Lair:6)
  2 deep elf pyromancers
  An orc knight (Orc:1)
  2 ugly things
  2 orc sorcerers
  A manticore (D:10)
  2 will-o-the-wisps
  4 cyclopes
  A salamander (Snake:1)
  7 elephants
  A naga mage (Snake:1)
  A torpor snail (Lair:6)
  13 black mambas
  6 molten gargoyles
  8 cane toads
  3 unseen horrors
  4 rime drakes
  11 komodo dragons
  4 kobold demonologists
  2 tengu conjurers (D:13)
  3 tyrant leeches
  6 hornets
  10 trolls
  Grinder (D:4)
  4 blink frogs (Lair:1)
  3 polar bears
  5 slime creatures (D:12)
  A wraith (D:11)
  24 yaks
  2 vampires
  6 wyverns
  3 shadows (D:10)
  3 spriggans
  3 basilisks (Lair:4)
  2 steam dragons
  13 vampire mosquitoes
  2 wargs (Orc:2)
  9 swamp worms
  6 nagas
  13 water moccasins
  An acid dragon (D:11)
  4 hell hounds (Lair:6)
  10 orc warriors
  A sky beast (D:7)
  A black bear (Lair:3)
  A swamp drake (Swamp:1)
  An ice beast (D:8)
  A necrophage (D:5)
  22 ogres
  4 centaurs
  18 wolves
  2 phantoms
  3 kobold brigands
  A wyvern zombie (D:7)
  3 gnoll sergeants
  6 bullfrogs
  3 scorpions
  A wyvern skeleton (D:5)
  3 troll zombies (D:10)
  A killer bee (D:10)
  3 wights (D:8)
  2 howler monkeys (D:10)
  A vampire bat (D:4)
  8 electric eels
  5 lava snakes (Lair:6)
  5 centaur zombies
  3 hounds
  5 jellies
  A bullfrog zombie (D:7)
  6 orc priests
  A centaur skeleton (D:7)
  3 gnoll shamans
  5 iguanas
  17 orc wizards
  3 ogre zombies (D:10)
  A hound skeleton (D:5)
  A howler monkey zombie (D:8)
  6 adders
  22 gnolls
  2 white imps (D:7)
  An ufetubus (D:6)
  5 worms
  6 dart slugs
  3 fire bats (D:4)
  36 orcs
  2 spectral bats (D:4)
  17 bats
  3 bat skeletons (D:4)
  A bat zombie (D:4)
  8 endoplasms
  4 giant cockroaches
  8 hobgoblins
  6 jackals
  30 kobolds
  2 quokkas (D:3)
  8 ball pythons
  A bat simulacrum (D:4)
  5 frilled lizards
  10 goblins
  A goblin zombie (D:10)
  A hobgoblin skeleton (D:10)
  2 hobgoblin zombies (D:10)
  3 orc skeletons (D:10)
  11 orc zombies (D:10)
  11 rats
  3 bushes (Lair:5)
637 creatures vanquished.

Vanquished Creatures (collateral kills)
  An orc (Bailey)
1 creature vanquished.

Vanquished Creatures (others)
  2 hydras
  A boulder beetle (Lair:4)
  A two-headed ogre (Orc:2)
  An anaconda (Snake:1)
  A goliath frog (Swamp:1)
  A bog body (Swamp:1)
  A skeletal warrior (D:12)
  An elephant (Lair:5)
  A black mamba (Lair:6)
  A cane toad (Lair:6)
  2 komodo dragons (Lair:6)
  A troll (Orc:2)
  2 bloated husks (Swamp:1)
  A polar bear (Lair:4)
  A tyrant leech (Swamp:2)
  A spriggan (Swamp:1)
  A yak (Lair:6)
  2 dancing weapons (Bailey)
  An ogre (D:10)
  An orc wizard (D:9)
  6 foxfires
  72 fulminant prisms
  51 fungi
  72 plants
225 creatures vanquished.

Grand Total: 863 creatures vanquished

Notes
Turn   | Place    | Note
-------+----------+-------------------------------------------
     0 | D:1      | jjjjhere the Ogre Conjurer began the quest for the Orb.
     0 | D:1      | Reached XP level 1. HP: 16/16 MP: 3/3
   261 | D:1      | Reached XP level 2. HP: 24/24 MP: 1/5
   316 | D:1      | Learned a level 2 spell: Searing Ray
   465 | D:1      | Reached skill level 3 in Spellcasting
   733 | D:1      | Reached XP level 3. HP: 31/31 MP: 1/7
  1588 | D:2      | Learned a level 3 spell: Tukima's Dance
  1649 | D:2      | Found a faded altar of an unknown god.
  1765 | D:2      | Reached XP level 4. HP: 39/39 MP: 9/9
  2058 | D:2      | Reached skill level 1 in Hexes
  2180 | D:2      | Reached skill level 4 in Spellcasting
  2784 | D:3      | Reached XP level 5. HP: 42/45 MP: 3/11
  3144 | D:3      | Learned a level 2 spell: Poisonous Vapours
  3426 | D:3      | Found a shimmering altar of Xom.
  3608 | D:3      | Reached skill level 5 in Spellcasting
  3608 | D:3      | Reached skill level 1 in Poison Magic
  3608 | D:3      | Reached XP level 6. HP: 46/53 MP: 9/13
  4270 | D:4      | Reached XP level 7. HP: 53/59 MP: 11/15
  4272 | D:4      | Reached skill level 6 in Spellcasting
  4419 | D:4      | HP: 11/59 [centaur (10)]
  4420 | D:4      | HP: 3/59 [centaur (8)]
  5144 | D:4      | Learned a level 4 spell: Olgreb's Toxic Radiance
  5478 | D:4      | Noticed Grinder
  5485 | D:4      | HP: 10/59 [Grinder/nerve-wracking pain (12)]
  5487 | D:4      | Killed Grinder
  5488 | D:4      | Reached skill level 7 in Spellcasting
  5488 | D:4      | Reached XP level 8. HP: 12/67 MP: 8/19
  5891 | D:5      | Entered Level 5 of the Dungeon
  6086 | D:5      | Found a sacrificial altar of Ru.
  6107 | D:5      | Reached skill level 5 in Poison Magic
  6169 | D:5      | Learned a level 4 spell: Fulminant Prism
  6284 | D:5      | Reached skill level 8 in Spellcasting
  6413 | D:5      | Reached skill level 1 in Fighting
  6457 | D:5      | Found Koxkor's Book Emporium.
  6663 | D:5      | Found a runed translucent door.
  6681 | D:5      | Noticed crazypyro's ghost (novice HOMo)
  6731 | D:5      | Found a staircase to the Ecumenical Temple.
  6752 | Temple   | Entered the Ecumenical Temple
  6998 | D:5      | Became a worshipper of Ru the Awakened
  7600 | D:6      | Reached skill level 5 in Conjurations
  7600 | D:6      | Reached XP level 9. HP: 78/83 MP: 2/21
  8196 | D:6      | Found an ornate altar of the Wu Jian Council.
  8575 | D:7      | Learned a level 4 spell: Flame Wave
  8709 | D:7      | Reached skill level 9 in Spellcasting
  8709 | D:7      | Reached skill level 1 in Fire Magic
  8709 | D:7      | Gained mutation: You cannot train Armour skill. [Ru
                  | sacrifice]
  8709 | D:7      | Reached * piety under Ru
  8993 | D:7      | Reached skill level 5 in Fighting
  9009 | D:7      | Found a flagged portal.
  9027 | Bailey   | Entered a bailey
  9189 | Bailey   | Noticed an orc warlord
  9370 | Bailey   | Found a runed translucent gate.
  9373 | Bailey   | Found a runed translucent gate.
  9374 | Bailey   | Found a runed translucent gate.
  9909 | Bailey   | Killed an orc warlord
  9910 | Bailey   | Reached XP level 10. HP: 100/100 MP: 2/23
 10077 | Bailey   | Reached skill level 10 in Fighting
 10077 | Bailey   | Reached skill level 5 in Dodging
 10077 | Bailey   | Reached skill level 11 in Spellcasting
 10077 | Bailey   | Reached XP level 11. HP: 117/117 MP: 23/26
 10079 | Bailey   | Identified the +6 triple sword "Adapturo" {vorpal, +Blink
                  | Dex+6}
 10135 | D:7      | Paralysed by a hornet for 2 turns
 11700 | D:8      | Found a staircase to the Lair.
 11779 | D:8      | Found a shadowy altar of Dithmenos.
 11830 | D:8      | Got Zemmi's Handbook of Stones
 12018 | D:8      | Reached skill level 12 in Spellcasting
 12484 | Lair:1   | Entered Level 1 of the Lair of Beasts
 13160 | Lair:1   | Gained mutation: You cannot be stealthy. [Ru sacrifice]
 13160 | Lair:1   | Reached ** piety under Ru
 13241 | Lair:1   | HP: 39/120 [komodo dragon (31)]
 13647 | Lair:1   | Found a transporter.
 13657 | Lair:1   | Found a transporter.
 13659 | Lair:1   | Noticed Clumpoid's ghost (journeyman TrMo)
 13672 | Lair:1   | Noticed a four-headed hydra
 13679 | Lair:1   | Killed a four-headed hydra
 14250 | Lair:2   | Noticed Arzaac's ghost (journeyman DsGl)
 14253 | Lair:2   | Found a runed translucent door.
 14885 | Lair:3   | Noticed a catoblepas
 14911 | Lair:3   | HP: 27/123 [catoblepas (34)]
 14916 | Lair:3   | HP: 11/123 [something/blast of calcifying dust (3)]
 14920 | Lair:3   | Killed a catoblepas
 14921 | Lair:3   | Reached XP level 12. HP: 36/132 MP: 1/28
 15426 | Lair:3   | Noticed a five-headed hydra
 15435 | Lair:3   | Killed a five-headed hydra
 15512 | Lair:3   | Reached skill level 13 in Spellcasting
 15603 | Lair:3   | Found a staircase to the Swamp.
 15755 | Lair:3   | Reached skill level 1 in Shields
 16203 | Lair:3   | Noticed a four-headed hydra
 16211 | Lair:3   | Killed a four-headed hydra
 17076 | Lair:4   | Noticed a five-headed hydra
 17115 | Lair:4   | Noticed a four-headed hydra
 17125 | Lair:4   | Killed a four-headed hydra
 17479 | Lair:4   | Noticed a boulder beetle
 17500 | Lair:4   | Killed a boulder beetle
 17551 | Lair:4   | Found a dark tunnel.
 17650 | Lair:4   | HP: 40/133 [five-headed hydra (7)]
 17654 | Lair:4   | Killed a five-headed hydra
 17821 | Lair:4   | Found a transporter.
 18107 | Lair:4   | Noticed a catoblepas
 18116 | Lair:4   | Found a transporter.
 18117 | Lair:4   | Noticed Dasos's ghost (journeyman BaFi)
 18293 | Lair:4   | Reached skill level 5 in Shields
 18477 | Lair:4   | Found a staircase to the Snake Pit.
 18478 | Lair:4   | Gained mutation: You are hated by all. [Ru sacrifice]
 18478 | Lair:4   | Reached *** piety under Ru
 18478 | Lair:4   | Reached **** piety under Ru
 19299 | Lair:5   | Noticed a catoblepas
 19373 | Lair:5   | Reached XP level 13. HP: 100/141 MP: 8/30
 19764 | Lair:5   | Noticed Snorg
 19769 | Lair:4   | Reached skill level 14 in Spellcasting
 20264 | Lair:5   | HP: 42/141 [Snorg (16)]
 22025 | D:10     | Entered Level 10 of the Dungeon
 22671 | D:10     | Reached skill level 10 in Conjurations
 23217 | D:10     | Found a burning altar of Makhleb.
 23219 | D:10     | Noticed a green death
 24066 | D:10     | Found a staircase to the Orcish Mines.
 24339 | Orc:1    | Entered Level 1 of the Orcish Mines
 25032 | Orc:2    | Entered Level 2 of the Orcish Mines
 25033 | Orc:2    | Gained mutation: You occasionally shout uncontrollably at
                  | your foes. [Ru sacrifice]
 25484 | Orc:2    | Reached skill level 15 in Spellcasting
 25484 | Orc:2    | HP: 46/141 [two-headed ogre (15)]
 26062 | Orc:2    | Reached XP level 14. HP: 142/150 MP: 22/33
 26159 | Orc:2    | Found Jipila Favvu's Assorted Antiques.
 26579 | Orc:2    | Found Ekiwa's Jewellery Shoppe.
 27093 | Orc:2    | Found Iteonitt's General Store.
 27095 | Orc:2    | Found Xieduygo's Weapon Shop.
 27100 | Orc:2    | Found a staircase to the Elven Halls.
 27296 | Orc:2    | Bought the +4 hand crossbow of Ru's Whim {penet, rF+ Dex+2}
                  | for 562 gold pieces
 27304 | Orc:2    | Bought a scroll of blinking for 135 gold pieces
 27304 | Orc:2    | Bought a scroll of identify for 36 gold pieces
 27304 | Orc:2    | Bought a scroll of identify for 36 gold pieces
 27305 | Orc:2    | Identified a scroll of acquirement
 27306 | Orc:2    | Acquired 1339 gold pieces
 27308 | Orc:2    | Bought a potion of resistance for 180 gold pieces
 27318 | Orc:2    | Bought 2 potions of heal wounds for 250 gold pieces
 27318 | Orc:2    | Bought a scroll of fog for 50 gold pieces
 27319 | Orc:2    | Bought a runed coral ring for 125 gold pieces
 29117 | D:12     | Gained mutation: You are missing an eye, making it more
                  | difficult to aim. [Ru sacrifice]
 29117 | D:12     | Reached ***** piety under Ru
 29440 | D:12     | Reached skill level 16 in Spellcasting
 30114 | D:11     | Learned a level 4 spell: Iskenderun's Mystic Blast
 31901 | Lair:5   | Killed Snorg
 31932 | Lair:4   | Reached skill level 10 in Shields
 32913 | Lair:6   | Entered Level 6 of the Lair of Beasts
 33063 | Lair:6   | Reached XP level 15. HP: 158/158 MP: 20/35
 33177 | Lair:6   | Learned a level 8 spell: Lehudib's Crystal Spear
 33227 | Lair:6   | Got Eqeoverch's Catalogue of the Mutagenic Oath
 33390 | Lair:6   | Reached skill level 1 in Earth Magic
 34594 | Lair:6   | Gained mutation: You cannot study or use magical devices.
                  | [Ru sacrifice]
 34594 | Lair:6   | Reached ****** piety under Ru
 34666 | Lair:6   | Found a staircase to the Slime Pits.
 34704 | Lair:6   | Identified the +5 broad axe of Mutilation {venom, rElec rN+
                  | Int-5 Dex+6}
 35698 | Lair:6   | Found a large runed translucent door.
 35699 | Lair:6   | Found a large runed translucent door.
 36161 | Swamp:1  | Entered Level 1 of the Swamp
 36214 | Swamp:1  | Noticed a fenstrider witch
 36445 | Snake:1  | Entered Level 1 of the Snake Pit
 36576 | Lair:4   | HP: 51/162 [anaconda (9)]
 37213 | D:5      | Bought an Everburning Encyclopedia for 286 gold pieces
 37218 | D:5      | Learned a level 4 spell: Sticky Flame
 37738 | Lair:4   | HP: 32/163 [naga warrior (24)]
 37910 | Swamp:1  | HP: 51/163 [poisoned by a fenstrider witch (toxic sludge)]
 37912 | Swamp:1  | Killed a fenstrider witch
 37915 | Lair:3   | HP: 38/163 [poisoned by a fenstrider witch (toxic sludge)]
 37920 | Lair:3   | HP: 38/163 [poisoned by a fenstrider witch (toxic sludge)]
 38290 | Swamp:1  | HP: 47/163 [spore (25)]
 38308 | Swamp:1  | HP: 45/163 [five-headed hydra (13)]
 38436 | Lair:3   | Reached skill level 5 in Earth Magic
 39667 | Swamp:2  | Reached XP level 16. HP: 166/172 MP: 30/36
 40277 | Swamp:2  | Learned a level 7 spell: Orb of Destruction
 40400 | Swamp:1  | HP: 51/172 [poisoned by a swamp dragon (poison gas)]
 40405 | Swamp:1  | HP: 34/172 [poisoned by a swamp dragon (poison gas)]
 40410 | Swamp:1  | HP: 32/172 [poisoned by a swamp dragon (poison gas)]
 40903 | Orc:2    | Bought the ring "Guoqo" {rPois Dex+3} for 432 gold pieces
 41119 | Swamp:2  | You are sucked into a shaft and drop 1 floor!
 41437 | Swamp:2  | Noticed Roxanne
 41444 | Swamp:2  | Learned a level 3 spell: Frozen Ramparts
 41730 | Swamp:2  | HP: 48/172 [Roxanne/bolt of magma (26)]
 41731 | Swamp:2  | Killed from afar by Roxanne

Illustrated notes

Levels and vault maps discovered:
D:1:      dpeg_arrival_signposts, layout_basic, minmay_pentomino_w4
D:2:      layout_basic, shapermc_ecumenical_altar_acropolis
D:3:      layout_loops_ring, mainiacjoe_overflow_concentric_impassable,
          eino_tiny_chamber, grunt_ministairs_4
D:4:      layout_cave_pools, goddamned_bats, uniq_grinder
D:5:      layout_basic, nicolae_ru_awakened_eye,
          minmay_temple_entry_gardened_gates, ebering_ghost_sewer_d,
          serial_shops, shop, grunt_decor_mini_mirrors
D:6:      layout_loops_cross, mainiacjoe_overflow_cross_hatched
D:7:      layout_basic, enter_bailey_3, chequers_serial_rivers_micro_b
D:8:      layout_cave_pools, mainiacjoe_overflow_brackets, erik_lair_island,
          lightli_minifort
D:9:      layout_long_grid, wad_rectangle_vault
D:10:     layout_roguey, makhleb_altar_promises_db, zombieorc1_lemuel,
          minmay_misc_feat_tower, minmay_increasing_density
D:11:     layout_long_grid, serial_rivers, chequers_serial_rivers_micro_b,
          chequers_serial_rivers_marsh, chequers_serial_rivers_room_a,
          chequers_serial_rivers_micro_e, chequers_serial_rivers_small_b,
          minivault_8
D:12:     layout_layer_cave, small_chamber_with_monster
D:13:     layout_roguey, hangedman_vaults_entry_quadrant_bands
Temple:   minmay_crystal_spiral_temple
Lair:1:   layout_misc_corridors, gammafunk_ghost_hive,
          chequers_serial_rivers_room_a
Lair:2:   layout_cave_shapes, hellmonk_ghost_happy_afterlife
Lair:3:   layout_long_grid, skrybe_swamp_entry_bodies,
          nicolae_quartered_pool_little, gammafunk_lair_bear_cave
Lair:4:   layout_cave_pods, minmay_snake_entry_guardpost_small,
          nzn_ghost_randoct, enter_volcano_2, nzn_sisyphean_effort,
          serial_bayou_shore_b
Lair:5:   statuecave_lemuel, layout_layer_cave, uniq_snorg
Lair:6:   cheibrodos_lair_end_hotspot, layout_regular_city,
          nicolae_slime_entry_slimehenge, minivault_24, wad_woods_road_01
Swamp:1:  layout_basic_swamp, hangedman_swamp_pad, swamp_pool2
Swamp:2:  layout_basic_swamp, hangedman_swamp_ruin_wall, swamp_pool2,
          uniq_roxanne
Swamp:3:  layout_basic_swamp, evilmike_swamp_ruin_house_3
Snake:1:  layout_onion
Orc:1:    layout_caves
Orc:2:    st_orc_open, layout_caves

Skill      XL: |  1  2  3  4  5  6  7  8  9 10 11 12 13 14 15 16 |
---------------+-------------------------------------------------+-----
Spellcasting   | 3 4 5 7 8 9 11 12 13 15 16 | 16.9
Conjurations   | 4 5 6 7 9 10 12 13 | 13.7
Hexes          | 1 2 3 |  3.8
Poison Magic   | 1 2 4 5 |  5.1
Fighting       | 3 6 10 12 14 | 14.2
Fire Magic     | 3 |  3.2
Dodging        | 5 |  5.7
Stealth        | 0 |  0.0
Shields        | 5 8 10 | 10.0
Earth Magic    | 6 7 |  7.1

Action                   |  1- 3 |  4- 6 |  7- 9 | 10-12 | 13-15 | 16-18 || total
-------------------------+-------+-------+-------+-------+-------+-------++-------
Melee: Unarmed           |     3 |       |       |       |       |       ||     3
       Dagger            |    41 |       |       |       |       |       ||    41
       Hunting sling     |       |       |       |       |     1 |       ||     1
 Fire: Hunting sling     |    47 |   127 |   128 |    36 |   168 |       ||   506
       Hand crossbow     |       |       |       |       |    39 |       ||    39
 Cast: Magic Dart        |    36 |     1 |    44 |    10 |     3 |       ||    94
       Searing Ray       |     4 |    25 |    43 |    71 |   190 |    16 ||   349
       Poisonous Vapours |       |     4 |    18 |    34 |    19 |       ||    75
       Olgreb's Toxic Ra |       |       |    26 |    45 |    87 |       ||   158
       Tukima's Dance    |       |       |     6 |     2 |       |       ||     8
       Flame Wave        |       |       |       |    28 |   148 |    16 ||   192
       Fulminant Prism   |       |       |       |    11 |    59 |     2 ||    72
       Iskenderun's Myst |       |       |       |       |    35 |     1 ||    36
       Sticky Flame      |       |       |       |       |    15 |    13 ||    28
       Orb of Destructio |       |       |       |       |       |     5 ||     5
Invok: Sacrifice Durabil |       |       |     1 |       |       |       ||     1
       Sacrifice Stealth |       |       |       |     1 |       |       ||     1
       Sacrifice Love    |       |       |       |     1 |       |       ||     1
       Sacrifice Purity  |       |       |       |       |     1 |       ||     1
       Sacrifice an Eye  |       |       |       |       |     1 |       ||     1
       Power Leap        |       |       |       |       |     1 |       ||     1
       Sacrifice Artific |       |       |       |       |     1 |       ||     1
Evoke: Wand              |       |       |     1 |       |       |       ||     1
  Use: Scroll            |       |       |    12 |     8 |    12 |       ||    32
       Potion            |       |       |       |     2 |       |       ||     2
Armor: Robe              |    29 |    22 |    37 |    19 |     6 |       ||   113
       Troll leather arm |       |       |       |       |   119 |     9 ||   128
       Swamp dragon scal |       |       |       |       |       |     3 ||     3
Dodge: Dodged            |    33 |    28 |    98 |   239 |   505 |    48 ||   951
Block: Kite shield       |       |       |       |    48 |   529 |    54 ||   631
